 Dungeon Crawl Stone Soup version 0.30-a0-637-gacddeb6d44 (webtiles) character file.

Game seed: 16648433053020672385

226 Leeroy the Slasher (level 6, -1/35 HPs)
             Began as a Tengu Warper on Jan 15, 2023.
             Was an Initiate of Wu Jian.
             Killed from afar by a white imp (9 damage)
             ... with a puff of frost
             ... on level 4 of the Dungeon.
             The game lasted 00:04:36 (2768 turns).

Leeroy the Slasher (Tengu Warper)                   Turns: 2768, Time: 00:04:37

Health: -1/35      AC:  3    Str: 12    XL:     6   Next: 1%
Magic:  10/10      EV: 15    Int: 13    God:    Wu Jian [......]
Gold:   176        SH:  0    Dex: 15    Spells: 4/9 levels left

rFire   . . .      SeeInvis .    x - +0 rapier (flame)
rCold   . . .      Faith    .    (no shield)
rNeg    . . .      Spirit   .    p - +1 robe "Bumnooppao" {rCorr}
rPois   .          Reflect  .    (helmet restricted)
rElec   .          Harm     .    (no cloak)
rCorr   +          Rampage  .    (no gloves)
Will    .....                    (boots unavailable)
Stlth   +                        (no amulet)
HPRegen 0.25/turn                (no ring)
MPRegen 0.12/turn                (no ring)

@: lethally poisoned (-1 -> -2), flying quickly and evasively, quick
A: beak, talons 3, nimble flight
a: Renounce Religion


You were on level 4 of the Dungeon.
You worshipped Wu Jian.
Wu Jian was noncommittal.
You visited 1 branch of the dungeon, and saw 5 of its levels.

You collected 176 gold pieces.

Inventory:

Hand Weapons
 a - a +0 falchion
 x - a +0 rapier of flaming (weapon)
Missiles
 d - 7 boomerangs of dispersal (quivered)
 g - 2 poisoned darts
 l - a throwing net
Armour
 b - a +0 leather armour
 f - a +0 ring mail
 p - the +1 robe "Bumnooppao" (worn) {rCorr}
   (You found it on level 3 of the Dungeon)

   rCorr:     It protects you from acid and corrosion.
Jewellery
 o - a ring of wizardry
Wands
 s - a wand of polymorph (4)
 v - a wand of flame (19)
 w - a wand of paralysis (5)
Scrolls
 c - a scroll of blinking
 e - 2 scrolls of fear {unknown}
 h - 4 scrolls of identify {unknown}
 i - 2 scrolls of teleportation {unknown}
 m - a scroll of vulnerability {unknown}
 q - a scroll of butterflies {unknown}
 r - a scroll of immolation {unknown}
 t - 2 scrolls of enchant armour {unknown}
Potions
 j - a potion of haste {unknown}
 k - a potion of invisibility {unknown}
 n - a potion of heal wounds {unknown}
 u - a potion of curing {unknown}


   Skills:
 - Level 2.2 Fighting
 + Level 5.1 Long Blades
 - Level 1.1 Throwing
 - Level 3.0 Armour
 * Level 2.8 Dodging
 - Level 2.1 Spellcasting
 - Level 2.6 Translocations


You had 4 spell levels left.
You knew the following spells:

 Your Spells              Type           Power      Damage    Failure   Level
a - Blink                 Tloc           16%        N/A       13%         2
b - Teleport Other        Tloc           8%         N/A       26%         3

Your spell library contained the following spells:

 Spells                   Type           Power      Damage    Failure   Level
 Sandblast                Erth           2%         2d4       26%         1
 Lesser Beckoning         Tloc           16%        N/A       26%         3
 Passwall                 Tmut/Erth      0%         N/A       36%         2
 Static Discharge         Conj/Air       2%         2-3/arc   36%         2
 Vhi's Electric Charge    Tloc/Air       8%         N/A       41%         3
 Stone Arrow              Conj/Erth      2%         3d7       58%         3
 Manifold Assault         Tloc           8%         N/A       63%         4
 Arcjolt                  Conj/Air       0%         1d10      100%        5
 Lightning Bolt           Conj/Air       0%         1d11      100%        5


Dungeon Overview and Level Annotations

Branches:
Dungeon (5/15)
 Temple: D:4-7

Altars:
Dithmenos
Gozag
Makhleb
Trog
Wu Jian

Annotations:
D:4 1 runed translucent door, bmj180's ghost, amateur GrEE


Innate Abilities, Weirdness & Mutations

You have a beak for a mouth.
You have claws for feet.
Your magical nature lets you fly swiftly and evasively.


Message History

You feel sick.
You feel sick.
You feel sick.
You feel stable enough to blink again.
You feel sick.
You are no longer poisoned.
Things that are here:
a +0 robe; a +2 heavy war axe You start resting.
An orc is nearby!
You puncture the orc! You burn the orc.
You kill the orc!
The Council accepts your kill.
You have reached level 6!
You start resting.
An orc is nearby!
You barely miss the orc. You claw the orc. Your peck misses the orc.
The orc is lightly wounded.
The orc hits you with a +2 short sword of venom.
You are poisoned.
You hit the orc. You burn the orc.
You kill the orc!
The Council accepts your kill.
You feel very sick.
You start resting.
You feel very sick.
A white imp is nearby!
Okay, then.
Okay, then.
You feel sick.
You feel sick.
You feel sick. The white imp gestures at you. The puff of frost misses you.
You feel sick.
You feel sick.
You feel sick. The white imp gestures at you. The puff of frost hits you!
You die...

o...#### #####.)[..#.##.......##
###....####.....#..##..##'§§.###
####.##..o######..#..>.#≈§≈#
#.##.### #5.##...#≈≈§# #.#..#
##...####+†..### #...##
#..#.###.......## #####
#..#.##...♣♣♣...#
#################..#.##..♣♣.♣♣..#
#....)).........@)...#...♣...♣...
...<..)..............#..♣♣...♣♣..
..###############.#..#..♣.._..♣..
.....# ##..##.#..♣.....♣.. ####.#
##..###.##.........# ####.# #..##
######.....### ..##.# ##.##
#.########.# #..#.## #..#
#.....## #.# ##....## #.##
##.##..###.#


You could see a white imp.

Vanquished Creatures
  Blork the orc (D:4)
  2 hounds (D:4)
  2 adders (D:2)
  A worm (D:2)
  3 dart slugs
  6 orcs (D:4)
  2 bats
  10 endoplasms
  6 goblins
  4 hobgoblins
  8 jackals
  2 quokkas (D:4)
  5 ball pythons
  2 frilled lizards
  3 kobolds
  4 rats
61 creatures vanquished.

Notes
Turn   | Place    | Note
-------+----------+-------------------------------------------
     0 | D:1      | Leeroy the Tengu Warper began the quest for the Orb.
     0 | D:1      | Reached XP level 1. HP: 12/12 MP: 4/4
     0 | D:1      | Noticed a formicid
     0 | D:1      | Noticed a vine stalker
     1 | D:1      | Noticed a formicid
     2 | D:1      | Noticed an elf
     4 | D:1      | Noticed a vine stalker
     8 | D:1      | Noticed a vine stalker
     9 | D:1      | Noticed a felid
    13 | D:1      | Noticed a felid
    15 | D:1      | Noticed a dwarf
    17 | D:1      | Noticed a vine stalker
    19 | D:1      | Noticed a felid
    21 | D:1      | Noticed an ogre
    56 | D:1      | Reached XP level 2. HP: 16/17 MP: 6/6
   628 | D:2      | Reached XP level 3. HP: 10/21 MP: 7/7
   705 | D:2      | Found a bloodstained altar of Trog.
   858 | D:2      | Reached skill level 3 in Long Blades
  1164 | D:2      | Reached XP level 4. HP: 22/26 MP: 8/8
  1490 | D:3      | Found an ornate altar of the Wu Jian Council.
  1510 | D:3      | Identified the +1 robe "Bumnooppao" {rCorr}
  1520 | D:3      | Learned a level 2 spell: Blink
  1524 | D:3      | Learned a level 3 spell: Teleport Other
  1830 | D:3      | Became a worshipper of the Wu Jian Council
  1921 | D:3      | You fall into a shaft and drop 1 floor!
  1952 | D:4      | Found an opulent altar of Gozag.
  2158 | D:4      | Noticed Blork the orc
  2180 | D:4      | Reached skill level 4 in Long Blades
  2290 | D:4      | Killed Blork the orc
  2291 | D:4      | Gained mutation: Your magical nature lets you fly swiftly
                  | and evasively. [Tengu growth]
  2291 | D:4      | Reached XP level 5. HP: 27/30 MP: 9/9
  2337 | D:4      | Found a shadowy altar of Dithmenos.
  2409 | D:4      | Found a burning altar of Makhleb.
  2520 | D:4      | Found a runed translucent door.
  2520 | D:4      | Noticed bmj180's ghost (amateur GrEE)
  2690 | D:5      | Entered Level 5 of the Dungeon
  2701 | D:4      | Reached skill level 5 in Long Blades
  2758 | D:4      | Reached XP level 6. HP: 21/35 MP: 10/10
  2768 | D:4      | Killed from afar by a white imp

Illustrated notes

Levels and vault maps discovered:
D:1:      shiori_arrival_whats_in_store_for_you, layout_rooms
D:2:      layout_basic, basic_altar
D:3:      minmay_razor_zed, layout_basic, overflow_temple_1_default
D:4:      layout_rooms, mainiacjoe_overflow_concentric_impassable,
          mainiacjoe_overflow_two_lobes, ebering_ghost_reflecting_pool,
          uniq_blork_the_orc
D:5:      layout_cave_pools, minmay_temple_entry_statues,
          nicolae_fountain_basement

Skill      XL: |  1  2  3  4  5 |
---------------+----------------+-----
Long Blades    | 3 4 5 |  5.1
Armour         | 2 3 |  3.0
Fighting       | |  2.2
Throwing       | |  1.1
Dodging        | |  2.8
Spellcasting   | |  2.1
Translocations | |  2.6

Action                   |  1- 3 |  4- 6 || total
-------------------------+-------+-------++-------
Melee: Falchion          |    76 |    64 ||   140
       Kick              |    25 |    25 ||    50
       Peck              |    11 |     9 ||    20
       Punch             |     2 |     2 ||     4
       Rapier            |       |    12 ||    12
 Cast: Blink             |       |     1 ||     1
Invok: Lunge             |       |     2 ||     2
Armor: Leather armour    |     5 |       ||     5
       Ring mail         |    25 |     5 ||    30
       Robe              |       |     8 ||     8
Dodge: Dodged            |    46 |    57 ||   103

Table legend: (Time is in decaauts)
 A = Elapsed time spent in this place.
 B = Non-inter-level travel time spent in this place.
 C = Inter-level travel time spent in this place.
 D = Time resting spent in this place.
 E = Time spent auto-exploring this place.
 F = Levels seen in this place.
 G = Mean time per level.
                   A        B        C        D        E       F      G
               +--------+--------+--------+--------+--------+-----+--------+
         Total |   2749 |   2565 |    184 |     66 |   1925 |   5 |  549.8 |
       Dungeon |   2749 |   2565 |    184 |     66 |   1925 |   5 |  549.8 |
               +--------+--------+--------+--------+--------+-----+--------+

Top non-repeatable levels by time:
     D:4: 805 daAuts
     D:2: 780 daAuts
     D:1: 624 daAuts
     D:3: 531 daAuts
     D:5: 7 daAuts
